 Dungeon Crawl Stone Soup version 0.29-a0-559-g359e09b9d1 (webtiles) character file.

Game seed: 2693457710610779066

97113 spaghetti the Spry (level 16, -12/111 HPs)
             Began as a Gnoll Wanderer on June 10, 2022.
             Was the Champion of Hepliaklqana.
             Mangled by an orc knight
             ... wielding a +0 dire flail
              (29 damage)
             ... on level 2 of the Orcish Mines.
             The game lasted 00:50:20 (27671 turns).

spaghetti the Spry (Gnoll Wanderer)                Turns: 27671, Time: 00:50:20

Health: -12/111    AC: 31    Str:  9    XL:     16   Next: 18%
Magic:  30/30      EV: 14    Int: 10    God:    Hepliaklqana [******]
Gold:   2073       SH:  0    Dex: 19    Spells: 20/36 levels left

rFire   . . .      SeeInvis .   b - +4 double sword (chaos) {longrare=g}
rCold   . . .      Faith    .   (no shield)
rNeg    + . .      Spirit   .   W - +7 pearl dragon scales {rare=g}
rPois   +          Reflect  .   k - +1 hat
rElec   +          Harm     .   c - +2 cloak
rCorr   .          Rampage  .   X - +0 pair of gloves
Will    +....                   (no boots)
Stlth   ++++......              (no amulet)
HPRegen 0.28/turn               u - +4 ring of protection
MPRegen 0.22/turn               B - ring of the Establishment {rElec rPois Dex-3 Slay+4 Stlth+}

@: about to teleport, studying Dodging
A: reduced essence, fangs 1, strong nose, distributed training, weak 1
a: Renounce Religion, Recall Ancestor, Ancestor Identity, Transference, Idealise


You were on level 2 of the Orcish Mines.
You worshipped Hepliaklqana.
Hepliaklqana was exalted by your worship.
You visited 3 branches of the dungeon, and saw 23 of its levels.

You collected 2193 gold pieces.
You spent 120 gold pieces at shops.


Innate Abilities, Weirdness & Mutations

Your life essence is reduced to manifest your ancestor. (-10% HP)
You have very sharp teeth.
Your uncanny sense of smell can sniff out nearby items.
Your experience applies equally to all skills.
You are weak. (Str -2)


   Skills:
 + Level 10.9 Fighting
 + Level 10.5 Short Blades
 + Level 10.5 Long Blades
 + Level 10.5 Axes
 + Level 10.5 Maces & Flails
 + Level 10.5 Polearms
 + Level 10.9 Staves
 + Level 13.3 Slings
 + Level 10.5 Bows
 + Level 10.5 Crossbows
 + Level 10.5 Throwing
 + Level 10.9 Armour
 + Level 15.9 Dodging
 + Level 10.5 Stealth
 + Level 10.5 Shields
 + Level 10.5 Unarmed Combat
 + Level 10.5 Spellcasting
 + Level 8.9 Conjurations
 + Level 8.9 Hexes
 + Level 8.9 Summonings
 + Level 8.9 Necromancy
 + Level 8.9 Translocations
 + Level 8.9 Transmutations
 + Level 8.9 Fire Magic
 + Level 8.9 Ice Magic
 + Level 8.9 Air Magic
 + Level 8.9 Earth Magic
 + Level 8.9 Poison Magic
 + Level 11.5 Invocations
 + Level 10.5 Evocations


You had 20 spell levels left.
You knew the following spells:

 Your Spells              Type           Power      Damage    Failure   Level
a - Wereblood             Tmut           23%        N/A       3%          2
b - Spider Form           Tmut/Pois      23%        N/A       7%          3
c - Ignite Poison         Fire/Tmut/Pois 23%        N/A       7%          3
d - Blade Hands           Tmut           11%        N/A       54%         5
e - Mephitic Cloud        Conj/Pois/Air  23%        N/A       7%          3

Your spell library contained the following spells:

 Spells                   Type           Power      Damage    Failure   Level
 Beastly Appendage        Tmut           46%        N/A       2%          1
 Magic Dart               Conj           92%        1d7       2%          1
 Shock                    Conj/Air       92%        1d8       2%          1
 Call Imp                 Summ           23%        N/A       3%          2
 Poisonous Vapours        Pois/Air       46%        N/A       3%          2
 Searing Ray              Conj           46%        2d6       3%          2
 Sublimation of Blood     Necr           23%        N/A       3%          2
 Dazzling Flash           Conj/Hex       46%        N/A       7%          3
 Portal Projectile        Hex/Tloc       46%        N/A       7%          3
 Swiftness                Air            23%        N/A       7%          3
 Tukima's Dance           Hex            23%        N/A       7%          3
 Airstrike                Air            11%        N/A       24%         4
 Anguish                  Hex/Necr       11%        N/A       24%         4
 Cause Fear               Hex            11%        N/A       24%         4
 Corpse Rot               Necr/Pois/Air  23%        N/A       24%         4
 Fulminant Prism          Conj/Hex       11%        3d9       24%         4
 Iskenderun's Mystic Bla  Conj/Tloc      23%        2d6       24%         4
 Passage of Golubria      Tloc           23%        N/A       24%         4
 Summon Lightning Spire   Summ/Air       23%        N/A       24%         4
 Fireball                 Conj/Fire      11%        3d7       54%         5
 Freezing Cloud           Conj/Ice/Air   11%        6-21      54%         5
 Iskenderun's Battlesphe  Conj           23%        2d8       54%         5
 Lightning Bolt           Conj/Air       11%        1d24      54%         5
 Yara's Violent Unravell  Hex/Tmut       11%        3d6       54%         5
 Conjure Ball Lightning   Conj/Air       11%        3x3d6     98%         6
 Starburst                Conj/Fire      11%        6d5       98%         6
 Dragon Form              Tmut           11%        N/A       100%        7
 Enfeeble                 Hex            11%        N/A       100%        7
 Orb of Destruction       Conj           11%        9d6       100%        7
 Summon Hydra             Summ           11%        N/A       100%        7
 Dragon's Call            Summ           11%        N/A       100%        9

Inventory:

Hand Weapons
 a - a +2 hunting sling {sling}
 b - a +4 double sword of chaos (weapon) {longrare=g}
   (You found it on level 12 of the Dungeon)
Missiles
 g - 678 stones {throwing}
 s - a curare-tipped dart {=fthrowing}
 t - 15 boomerangs (quivered) {throwing}
 F - 5 throwing nets {=f!fthrowing}
 L - 26 poisoned darts {throwing}
Armour
 c - a +2 cloak (worn)
 e - +1 steam dragon scales
   (You took it off Maggie on level 7 of the Dungeon)
 k - a +1 hat (worn)
   (You found it on level 1 of the Dungeon)
 W - +7 pearl dragon scales (worn) {rare=g}
   (You found it on level 12 of the Dungeon)
 X - a +0 pair of gloves (worn)
   (You found it on level 7 of the Dungeon)
Jewellery
 u - a +4 ring of protection (left hand)
   (You found it on level 10 of the Dungeon)
 x - a ring of resist corrosion
   (You found it on level 4 of the Lair of Beasts)
 z - a ring of magical power
   (You found it on level 3 of the Lair of Beasts)
 B - the ring of the Establishment (right hand) {rElec rPois Dex-3 Slay+4 Stlth+}
   (You acquired it on level 13 of the Dungeon)

   [ring of poison resistance]

   Dex:       It affects your dexterity (-3).
   Slay:      It affects your accuracy & damage with ranged weapons and melee
   (+4).
   rElec:     It insulates you from electricity.
   rPois:     It protects you from poison.
   Stlth:     It makes you more stealthy.
 C - a +6 ring of intelligence
   (You found it on level 8 of the Dungeon)
 G - the ring of Hunlao {Fire rPois rCorr Int+4}
   (You found it on level 5 of the Dungeon)

   [ring of fire]

   It enhances your fire magic.
   Int:       It affects your intelligence (+4).
   rF:        It protects you from fire.
   rC:        It makes you vulnerable to cold.
   rPois:     It protects you from poison.
   rCorr:     It protects you from acid and corrosion.
 J - a ring of protection from fire
   (You found it on level 5 of the Dungeon)
 N - a ring of positive energy
   (You found it on level 4 of the Lair of Beasts)
 S - a +6 ring of dexterity
   (You found it on level 6 of the Lair of Beasts)
 V - a +4 ring of protection
   (You found it on level 7 of the Dungeon)
 Z - a ring of protection from fire
   (You found it on level 4 of the Lair of Beasts)
Wands
 n - a wand of acid (9)
   (You found it on level 2 of the Dungeon)
 q - a wand of paralysis (10)
   (You found it on level 2 of the Dungeon)
 y - a wand of iceblast (4)
   (You found it on level 3 of the Lair of Beasts)
 A - a wand of flame (92)
   (You found it on level 3 of the Dungeon)
 O - a wand of digging (2)
   (You found it on level 4 of the Lair of Beasts)
 Q - a wand of polymorph (6)
   (You found it on level 7 of the Dungeon)
Scrolls
 d - 2 scrolls of vulnerability {!r!r}
 v - 7 scrolls of teleportation {@r4}
 D - a scroll of poison {!r}
 E - a scroll of silence {!r}
 H - 4 scrolls of fog
 T - a scroll of torment {!r}
 U - 2 scrolls of magic mapping {!r}
 Y - 3 scrolls of immolation {!r!r}
Potions
 f - 3 potions of brilliance
 h - 3 potions of heal wounds {@q2}
 j - 7 potions of might
 l - 5 potions of lignification {!q}
 m - a potion of ambrosia
 o - 2 potions of cancellation
 p - 13 potions of curing {@q1}
 r - 4 potions of attraction {!q}
 w - a potion of invisibility
 I - 3 potions of resistance
 P - 2 potions of haste {@q3}
Miscellaneous
 i - a condenser vane (inert)
   (You found it on level 5 of the Lair of Beasts)
 K - a box of beasts
   (You found it on level 15 of the Dungeon)

Dungeon Overview and Level Annotations

Branches:
Dungeon (15/15)            Temple (0/1) D:5            Lair (6/6) D:10
 Shoals (0/4) Lair:3       Spider (0/4) Lair:4        Slime (0/5) Lair:6
    Orc (2/2) D:9             Elf (0/3) Orc:2        Vaults (0/5) D:13
 Depths (0/4) D:15

Altars:
Hepliaklqana
Makhleb
Qazlal
Xom
Beogh

Shops:
D:11 *

Portals:
Trove: D:15 (give 9 potions of haste)

#....#.).#....##.##.#.#
##...........###.###...
#...#...#...# #.. ##.#
##....[....## #.# ###
#..#)).#..# ##....)..##
###.#.### #.....#
###@#.### #[o3o...#
#.o#o3.#..# #.........#
#...#o..#...#
#...........#
....#...#....
#............. #....
...#...


You could see an orc knight (berserk, extremely poisoned), 2 orc high priests, a
sun demon (summoned), a sixfirhy (summoned) and 2 orc warriors.


Message History

The orc high priest calls upon Beogh to heal the orc knight.
The orc knight's wounds heal themselves!
An orc warrior comes into view. It is wielding a +0 broad axe.
Synnove points at the orc knight and mumbles some strange words.
The bolt of magma hits the orc knight.
The orc warrior shouts!
You hit the orc knight.
The orc knight goes berserk!
You bite the orc knight.
The orc knight rages.
The orc knight hits the orc warrior with a +0 dire flail!!!
The orc warrior is killed!
You hear a shout!
You hit the orc knight. You burn the orc knight.
The orc high priest misses you.
The orc knight hits you with a +0 dire flail. 😮 HP[-5]
You take 5 damage, and now have 75/111 hp.
You slice the orc knight!!
The orc knight looks as sick as possible!
The orc knight hits you with a +0 dire flail!!
* * * LOW HITPOINT WARNING * * *
The orc knight hits itself with a +0 dire flail!!
The orc high priest hits you but does no damage. 😨 HP[-24]
You take 24 damage, and now have 51/111 hp.
MASSIVE DAMAGE!! (PAUSE)
You hit the orc knight.
You feel better.
The orc high priest utters an invocation to Beogh.
An orc warrior comes into view. It is wielding a +0 dire flail.
You hear a shout! 😨 HP[+3]
You regained 3 hp, and now have 54/111 hp.
The orc knight seems less confused.
The orc knight hits you but does no damage.
The orc high priest invokes the aid of Beogh against you.
You resist with significant effort.
The orc knight hits you with a +0 dire flail!!
* * * LOW HITPOINT WARNING * * *
Things that are here:
a +0 plate armour; a +0 mace {mace}; 😨 HP[-23]
You take 23 damage, and now have 31/111 hp.
MASSIVE DAMAGE!! (PAUSE)
You slice the orc high priest!! You freeze the orc high priest!
Your bite misses the orc high priest. The orc warrior barely misses you.
The orc high priest closely misses you.
The orc knight hits you with a +0 dire flail!
* * * LOW HITPOINT WARNING * * *
😱 HP[-6]
You take 6 damage, and now have 25/111 hp.
Unknown command.
Okay, then.
You feel much better.
The orc knight hits you with a +0 dire flail.
* * * LOW HITPOINT WARNING * * *
The sun demon hits Synnove!!
Synnove is engulfed in flames.
Synnove resists.
The orc warrior hits you but does no damage.
The orc warrior closely misses Synnove.
The orc high priest hits you but does no damage.
Synnove gestures at the orc knight while chanting.
The bolt of magma misses the orc knight.
The orc knight hits you but does no damage. 😨 HP[+17]
You regained 17 hp, and now have 42/111 hp.
As you read the scroll of teleportation {@r4}, it crumbles to dust.
You feel strangely unstable.
The sun demon hits Synnove!
Synnove is engulfed in flames!
Synnove resists.
The orc warrior barely misses you.
The orc warrior hits Synnove with a +0 broad axe.
Synnove is destroyed!
The orc high priest barely misses you. The orc knight misses you.
Unknown command.
Unknown command.
Unknown command.
Unknown command.
Unknown command.
You barely miss the orc knight.
The orc knight hits you with a +0 dire flail!!
* * * LOW HITPOINT WARNING * * *
The orc high priest hits you but does no damage.
The orc warrior misses you. The sun demon misses you.
The orc knight hits you with a +0 dire flail!
* * * LOW HITPOINT WARNING * * *
😱 HP[-26]
You take 26 damage, and now have 16/111 hp.
MASSIVE DAMAGE!! (PAUSE) Unknown command.
Unknown command.
The orc warrior attacks as you move away!
The orc warrior barely misses you.
The orc high priest hits you but does no damage.
The sun demon barely misses you. 😱 HP[+1] Unknown command.
Unknown command.
The orc knight attacks as you move away!
The orc knight hits you with a +0 dire flail!!
You die...

Skill      XL: |  1  2  3  4  5  6  7  8  9 10 11 12 13 14 15 |
---------------+----------------------------------------------+-----
Invocations    | 1 2 3 4 5 6 7 8 9 10 11 | 11.5
Short Blades   | 1 2 3 4 5 6 7 8 9 10 | 10.5
Long Blades    | 1 2 3 4 5 6 7 8 9 10 | 10.5
Axes           | 1 2 3 4 5 6 7 8 9 10 | 10.5
Maces & Flails | 1 2 3 4 5 6 7 8 9 10 | 10.5
Polearms       | 1 2 3 4 5 6 7 8 9 10 | 10.5
Bows           | 1 2 3 4 5 6 7 8 9 10 | 10.5
Crossbows      | 1 2 3 4 5 6 7 8 9 10 | 10.5
Throwing       | 1 2 3 4 5 6 7 8 9 10 | 10.5
Stealth        | 1 2 3 4 5 6 7 8 9 10 | 10.5
Shields        | 1 2 3 4 5 6 7 8 9 10 | 10.5
Unarmed Combat | 1 2 3 4 5 6 7 8 9 10 | 10.5
Spellcasting   | 1 2 3 4 5 6 7 8 9 10 | 10.5
Evocations     | 1 2 3 4 5 6 7 8 9 10 | 10.5
Conjurations   | 1 2 3 4 5 6 7 8 |  8.9
Hexes          | 1 2 3 4 5 6 7 8 |  8.9
Summonings     | 1 2 3 4 5 6 7 8 |  8.9
Necromancy     | 1 2 3 4 5 6 7 8 |  8.9
Translocations | 1 2 3 4 5 6 7 8 |  8.9
Transmutations | 1 2 3 4 5 6 7 8 |  8.9
Fire Magic     | 1 2 3 4 5 6 7 8 |  8.9
Ice Magic      | 1 2 3 4 5 6 7 8 |  8.9
Air Magic      | 1 2 3 4 5 6 7 8 |  8.9
Earth Magic    | 1 2 3 4 5 6 7 8 |  8.9
Poison Magic   | 1 2 3 4 5 6 7 8 |  8.9
Fighting       | 3 4 5 6 7 8 9 10 | 10.9
Staves         | 3 4 5 6 7 8 9 10 | 10.9
Armour         | 3 4 5 6 7 8 9 10 | 10.9
Dodging        | 7 8 9 10 11 12 13 14 15 | 15.9
Slings         | 9 10 11 12 13 | 13.3

Action                   |  1- 3 |  4- 6 |  7- 9 | 10-12 | 13-15 | 16-18 || total
-------------------------+-------+-------+-------+-------+-------+-------++-------
Melee: Hand axe          |       |       |    19 |   208 |   569 |       ||   796
       Bite              |       |       |     2 |    27 |   154 |    13 ||   196
       Punch             |       |       |     1 |     6 |    89 |     9 ||   105
       Unarmed           |       |       |       |       |    46 |       ||    46
       Double sword      |       |       |       |       |   173 |   116 ||   289
 Fire: Hunting sling     |    93 |   108 |   204 |   250 |   377 |       ||  1032
Throw: Boomerang         |       |       |       |       |     6 |    22 ||    28
 Cast: Wereblood         |     1 |     8 |     4 |    10 |    32 |     8 ||    63
       Spider Form       |       |       |       |       |     4 |       ||     4
       Mephitic Cloud    |       |       |       |       |     3 |       ||     3
       Ignite Poison     |       |       |       |       |     2 |       ||     2
Invok: Ancestor Life: Ba |       |     1 |       |       |       |       ||     1
       Recall Ancestor   |       |       |     1 |     1 |       |       ||     2
Evoke: Wand              |       |       |     3 |    10 |     8 |       ||    21
       Condenser vane    |       |       |       |       |     2 |       ||     2
       Box of beasts     |       |       |       |       |     1 |       ||     1
  Use: Scroll            |       |     8 |     2 |    10 |    24 |     4 ||    48
       Potion            |       |       |       |     7 |     6 |     1 ||    14
 Stab: Distracted        |       |       |       |     3 |    14 |     2 ||    19
       Sleeping          |       |       |       |     1 |     3 |     1 ||     5
       Petrified         |       |       |       |       |     7 |       ||     7
       Confused          |       |       |       |       |     6 |       ||     6
       Paralysed         |       |       |       |       |     2 |       ||     2
Armor: Robe              |     8 |     3 |     8 |    96 |    13 |       ||   128
       Steam dragon scal |       |       |       |       |   184 |       ||   184
       Skin              |       |       |       |       |    15 |       ||    15
       Pearl dragon scal |       |       |       |       |   283 |    46 ||   329
Dodge: Dodged            |    49 |    19 |    65 |   327 |   938 |    71 ||  1469

Levels and vault maps discovered:
D:1:      minmay_arrival_doors, layout_loops_ring,
          hellmonk_ecumenical_altar_heavens_door, serial_glass, glass_columns_a,
          glass_columns_b
D:2:      layout_basic
D:3:      layout_basic, amethyst_overflow_temple_binary, gammafunk_ghost_split,
          wander_ebering_terrifying_dragon_lair, uniq_ijyb
D:4:      minmay_angry_zag, layout_basic, uniq_duvessa, uniq_blork_the_orc
D:5:      layout_basic, temple_green
D:6:      layout_basic
D:7:      layout_basic, chequers_decorated_corner, uniq_pikel, uniq_joseph,
          uniq_maggie, uniq_menkaure
D:8:      layout_gridville, nicolae_ossuary_entry_false_entrances, uniq_grum,
          uniq_maurice
D:9:      layout_loops_ring, david_orc_5, nzn_life_drinkers
D:10:     layout_loops_ring, lair_entry_dummy, minmay_gold_behind_fungi,
          minmay_strange_pillars
D:11:     layout_basic, serial_shops, shop
D:12:     layout_long_grid
D:13:     layout_basic, david_vaults_2, demons_altar
D:14:     layout_rooms, minmay_misc_feat_columns
D:15:     hangedman_depths_entry_civil_slaughter, layout_irregular_city,
          nicolae_trove_entry_columns
Lair:1:   layout_regular_city, basic_altar
Lair:2:   nzn_winding_woodlands_stair_trap
          [nzn_winding_woodlands_5x15_pathside_ponds,
          nzn_winding_woodlands_5x15_pockets,
          nzn_winding_woodlands_5x15_split_checker,
          nzn_winding_woodlands_15x15_killbox, nzn_winding_woodlands_5x15_pool,
          nzn_winding_woodlands_5x15_concentric,
          nzn_winding_woodlands_5x15_longhouse], layout_hall_layers,
          cheibrodos_lair_lostbears
Lair:3:   layout_chaotic_city, elwin_shoals_entry_rooms,
          gammafunk_lair_bear_cave, lemuel_fruit_tree, grunt_megastairs_3,
          uniq_snorg
Lair:4:   gammafunk_indiana_jones, layout_long_grid,
          nicolae_spider_entry_tight_spaces, kennysheep_rathole
Lair:5:   layout_cave_pods, st_stairs_6, minmay_hedge_maze, uniq_josephine,
          uniq_kirke
Lair:6:   grunt_lair_end_beastmaster, layout_loops_ring,
          minmay_slime_entry_oklob_open, basic_altar, minmay_shattered_shrine,
          uniq_nessos
Orc:1:    layout_caves, nicolae_orc_tapped_out
Orc:2:    st_orc_pillars, layout_caves, serial_shops, nicolae_shop_waterfront

Notes
Turn   | Place    | Note
-------+----------+-------------------------------------------
     0 | D:1      | spaghetti the Gnoll Wanderer began the quest for the Orb.
     0 | D:1      | spaghetti set off with the following items: a +2 hunting
                  | sling {sling}, a +0 quarterstaff {staff}, a +0 cloak, a
                  | scroll of vulnerability {!r!r}, a +0 robe
     0 | D:1      | Reached XP level 1. HP: 17/17 MP: 1/1
     0 | D:1      | magus.rc [v1.9.6]
    56 | D:1      | You pick up a book of Blood and begin reading...
    56 | D:1      | You add the spells Sublimation of Blood, Wereblood and
                  | Summon Hydra to your library.
   130 | D:1      | Reached XP level 2. HP: 23/23 MP: 2/2
   324 | D:1      | Found a faded altar of an unknown god.
   441 | D:1      | Prayed at the altar of an unknown god.
   441 | D:1      | Became a worshipper of Hepliaklqana the Forgotten
   441 | D:1      | Reached * piety under Hepliaklqana
   539 | D:1      | Reached XP level 3. HP: 25/25 MP: 3/3
   885 | D:2      | Reached skill level 1 in Invocations
  1146 | D:2      | You pick up a book of Changes and begin reading...
  1146 | D:2      | You add the spells Beastly Appendage and Spider Form to
                  | your library.
  1182 | D:2      | Reached skill level 1 in Short Blades
  1182 | D:2      | Reached skill level 1 in Long Blades
  1182 | D:2      | Reached skill level 1 in Axes
  1182 | D:2      | Reached skill level 1 in Maces & Flails
  1182 | D:2      | Reached skill level 1 in Polearms
  1182 | D:2      | Reached skill level 1 in Bows
  1182 | D:2      | Reached skill level 1 in Crossbows
  1182 | D:2      | Reached skill level 1 in Throwing
  1182 | D:2      | Reached skill level 1 in Stealth
  1182 | D:2      | Reached skill level 1 in Shields
  1182 | D:2      | Reached skill level 1 in Unarmed Combat
  1182 | D:2      | Reached skill level 1 in Spellcasting
  1182 | D:2      | Reached skill level 1 in Evocations
  1286 | D:2      | Learned a level 2 spell: Wereblood
  1326 | D:2      | Reached XP level 4. HP: 30/30 MP: 2/5
  1451 | D:2      | Reached ** piety under Hepliaklqana
  1452 | D:2      | Remembered your ancestor Synnove as a battlemage
  1737 | D:3      | Reached skill level 1 in Conjurations
  1737 | D:3      | Reached skill level 1 in Hexes
  1737 | D:3      | Reached skill level 1 in Summonings
  1737 | D:3      | Reached skill level 1 in Necromancy
  1737 | D:3      | Reached skill level 1 in Translocations
  1737 | D:3      | Reached skill level 1 in Transmutations
  1737 | D:3      | Reached skill level 1 in Fire Magic
  1737 | D:3      | Reached skill level 1 in Ice Magic
  1737 | D:3      | Reached skill level 1 in Air Magic
  1737 | D:3      | Reached skill level 1 in Earth Magic
  1737 | D:3      | Reached skill level 1 in Poison Magic
  1745 | D:3      | Reached XP level 5. HP: 30/36 MP: 3/7
  1829 | D:3      | Reached skill level 3 in Fighting
  1829 | D:3      | Reached skill level 3 in Staves
  1829 | D:3      | Reached skill level 3 in Armour
  1830 | D:3      | Reached skill level 7 in Dodging
  1875 | D:3      | Found a stormy altar of Qazlal.
  1875 | D:3      | Found a shimmering altar of Xom.
  2015 | D:3      | Found a runed translucent gate.
  2016 | D:3      | Found a runed translucent gate.
  2016 | D:3      | Found a runed translucent gate.
  2016 | D:3      | Noticed frustraionsimulator's ghost (weakling SpHu)
  2182 | D:3      | Noticed Ijyb
  2196 | D:3      | Killed Ijyb
  2381 | D:3      | Reached skill level 2 in Invocations
  2381 | D:3      | Reached XP level 6. HP: 42/42 MP: 8/8
  2523 | D:4      | Noticed Blork the orc
  2530 | D:4      | Killed Blork the orc
  2531 | D:4      | Reached skill level 2 in Short Blades
  2531 | D:4      | Reached skill level 2 in Long Blades
  2531 | D:4      | Reached skill level 2 in Axes
  2531 | D:4      | Reached skill level 2 in Maces & Flails
  2531 | D:4      | Reached skill level 2 in Polearms
  2531 | D:4      | Reached skill level 2 in Bows
  2531 | D:4      | Reached skill level 2 in Crossbows
  2531 | D:4      | Reached skill level 2 in Throwing
  2531 | D:4      | Reached skill level 2 in Stealth
  2531 | D:4      | Reached skill level 2 in Shields
  2531 | D:4      | Reached skill level 2 in Unarmed Combat
  2531 | D:4      | Reached skill level 2 in Spellcasting
  2531 | D:4      | Reached skill level 2 in Evocations
  2767 | D:4      | Reached XP level 7. HP: 46/46 MP: 10/10
  2829 | D:4      | Noticed Dowan
  2831 | D:4      | Noticed Duvessa
  2837 | D:4      | Killed Dowan
  2838 | D:4      | Reached skill level 2 in Conjurations
  2838 | D:4      | Reached skill level 2 in Hexes
  2838 | D:4      | Reached skill level 2 in Summonings
  2838 | D:4      | Reached skill level 2 in Necromancy
  2838 | D:4      | Reached skill level 2 in Translocations
  2838 | D:4      | Reached skill level 2 in Transmutations
  2838 | D:4      | Reached skill level 2 in Fire Magic
  2838 | D:4      | Reached skill level 2 in Ice Magic
  2838 | D:4      | Reached skill level 2 in Air Magic
  2838 | D:4      | Reached skill level 2 in Earth Magic
  2838 | D:4      | Reached skill level 2 in Poison Magic
  2842 | D:4      | Killed Duvessa
  2844 | D:4      | Reached skill level 9 in Slings
  2854 | D:4      | Reached skill level 3 in Invocations
  2985 | D:4      | Reached *** piety under Hepliaklqana
  3662 | D:4      | Reached XP level 8. HP: 47/54 MP: 12/12
  3829 | D:5      | Entered Level 5 of the Dungeon
  3838 | D:5      | Reached skill level 4 in Fighting
  3838 | D:5      | Reached skill level 4 in Staves
  3838 | D:5      | Reached skill level 4 in Armour
  3841 | D:5      | Reached skill level 3 in Short Blades
  3841 | D:5      | Reached skill level 3 in Long Blades
  3841 | D:5      | Reached skill level 3 in Axes
  3841 | D:5      | Reached skill level 3 in Maces & Flails
  3841 | D:5      | Reached skill level 3 in Polearms
  3841 | D:5      | Reached skill level 3 in Bows
  3841 | D:5      | Reached skill level 3 in Crossbows
  3841 | D:5      | Reached skill level 3 in Throwing
  3841 | D:5      | Reached skill level 8 in Dodging
  3841 | D:5      | Reached skill level 3 in Stealth
  3841 | D:5      | Reached skill level 3 in Shields
  3841 | D:5      | Reached skill level 3 in Unarmed Combat
  3841 | D:5      | Reached skill level 3 in Spellcasting
  3841 | D:5      | Reached skill level 3 in Evocations
  3866 | D:5      | Identified the ring of Hunlao {Fire rPois rCorr Int+4}
  4233 | D:5      | You pick up a book of Air and begin reading...
  4233 | D:5      | You add the spells Shock, Swiftness and Airstrike to your
                  | library.
  4587 | D:5      | Reached **** piety under Hepliaklqana
  4587 | D:5      | Found a staircase to the Ecumenical Temple.
  4800 | D:6      | You add the spells Ignite Poison, Mephitic Cloud and
                  | Freezing Cloud to your library.
  4854 | D:6      | Learned a level 3 spell: Spider Form
  4858 | D:6      | Learned a level 3 spell: Ignite Poison
  5107 | D:6      | Reached skill level 4 in Invocations
  5110 | D:6      | Reached skill level 3 in Conjurations
  5110 | D:6      | Reached skill level 3 in Hexes
  5110 | D:6      | Reached skill level 3 in Summonings
  5110 | D:6      | Reached skill level 3 in Necromancy
  5110 | D:6      | Reached skill level 3 in Translocations
  5110 | D:6      | Reached skill level 3 in Transmutations
  5110 | D:6      | Reached skill level 3 in Fire Magic
  5110 | D:6      | Reached skill level 3 in Ice Magic
  5110 | D:6      | Reached skill level 3 in Air Magic
  5110 | D:6      | Reached skill level 3 in Earth Magic
  5110 | D:6      | Reached skill level 3 in Poison Magic
  5142 | D:6      | Reached XP level 9. HP: 59/59 MP: 14/14
  5152 | D:6      | Identified the +6 hand axe "Giantbane" {speed, rPois}
  5249 | D:7      | Noticed Joseph
  5260 | D:7      | Killed Joseph
  5261 | D:7      | Reached skill level 4 in Short Blades
  5261 | D:7      | Reached skill level 4 in Long Blades
  5261 | D:7      | Reached skill level 4 in Axes
  5261 | D:7      | Reached skill level 4 in Maces & Flails
  5261 | D:7      | Reached skill level 4 in Polearms
  5261 | D:7      | Reached skill level 4 in Bows
  5261 | D:7      | Reached skill level 4 in Crossbows
  5261 | D:7      | Reached skill level 4 in Throwing
  5261 | D:7      | Reached skill level 4 in Stealth
  5261 | D:7      | Reached skill level 4 in Shields
  5261 | D:7      | Reached skill level 4 in Unarmed Combat
  5261 | D:7      | Reached skill level 4 in Spellcasting
  5261 | D:7      | Reached skill level 4 in Evocations
  5433 | D:7      | Reached skill level 9 in Dodging
  5493 | D:7      | Noticed Pikel
  5500 | D:7      | Killed Pikel
  5501 | D:7      | Reached skill level 5 in Fighting
  5501 | D:7      | Reached skill level 5 in Staves
  5501 | D:7      | Reached skill level 5 in Armour
  5547 | D:7      | Noticed Menkaure
  5554 | D:7      | Killed Menkaure
  5595 | D:7      | You pick up a book of Conjurations {@e2} and begin
                  | reading...
  5595 | D:7      | You add the spells Magic Dart, Searing Ray and Fulminant
                  | Prism to your library.
  5610 | D:7      | Reached skill level 5 in Invocations
  5699 | D:7      | Noticed Maggie
  5710 | D:7      | Killed Maggie
  5711 | D:7      | Reached skill level 4 in Conjurations
  5711 | D:7      | Reached skill level 4 in Hexes
  5711 | D:7      | Reached skill level 4 in Summonings
  5711 | D:7      | Reached skill level 4 in Necromancy
  5711 | D:7      | Reached skill level 4 in Translocations
  5711 | D:7      | Reached skill level 4 in Transmutations
  5711 | D:7      | Reached skill level 4 in Fire Magic
  5711 | D:7      | Reached skill level 4 in Ice Magic
  5711 | D:7      | Reached skill level 4 in Air Magic
  5711 | D:7      | Reached skill level 4 in Earth Magic
  5711 | D:7      | Reached skill level 4 in Poison Magic
  5711 | D:7      | Reached XP level 10. HP: 54/66 MP: 15/17
  6328 | D:8      | Reached skill level 5 in Short Blades
  6328 | D:8      | Reached skill level 5 in Long Blades
  6328 | D:8      | Reached skill level 5 in Axes
  6328 | D:8      | Reached skill level 5 in Maces & Flails
  6328 | D:8      | Reached skill level 5 in Polearms
  6328 | D:8      | Reached skill level 5 in Bows
  6328 | D:8      | Reached skill level 5 in Crossbows
  6328 | D:8      | Reached skill level 5 in Throwing
  6328 | D:8      | Reached skill level 5 in Stealth
  6328 | D:8      | Reached skill level 5 in Shields
  6328 | D:8      | Reached skill level 5 in Unarmed Combat
  6328 | D:8      | Reached skill level 5 in Spellcasting
  6328 | D:8      | Reached skill level 5 in Evocations
  6334 | D:8      | Reached skill level 10 in Slings
  6336 | D:8      | Reached skill level 10 in Dodging
  6498 | D:8      | Found a sand-covered staircase.
  6816 | D:8      | Noticed Grum
  6833 | D:8      | Killed Grum
  6834 | D:8      | Reached skill level 6 in Fighting
  6834 | D:8      | Reached skill level 6 in Staves
  6834 | D:8      | Reached skill level 6 in Armour
  7074 | D:8      | Noticed Maurice
  7089 | D:8      | Killed Maurice
  7090 | D:8      | Reached skill level 6 in Invocations
  7723 | D:9      | Reached ***** piety under Hepliaklqana
  7734 | D:9      | You pick up a book of Weapons and begin reading...
  7734 | D:9      | You add the spells Tukima's Dance, Portal Projectile and
                  | Blade Hands to your library.
  7962 | D:9      | Reached XP level 11. HP: 57/74 MP: 19/19
  7976 | D:9      | Found a staircase to the Orcish Mines.
  8424 | D:9      | Reached skill level 6 in Short Blades
  8424 | D:9      | Reached skill level 6 in Long Blades
  8424 | D:9      | Reached skill level 6 in Axes
  8424 | D:9      | Reached skill level 6 in Maces & Flails
  8424 | D:9      | Reached skill level 6 in Polearms
  8424 | D:9      | Reached skill level 6 in Bows
  8424 | D:9      | Reached skill level 6 in Crossbows
  8424 | D:9      | Reached skill level 6 in Throwing
  8424 | D:9      | Reached skill level 6 in Stealth
  8424 | D:9      | Reached skill level 6 in Shields
  8424 | D:9      | Reached skill level 6 in Unarmed Combat
  8424 | D:9      | Reached skill level 6 in Spellcasting
  8424 | D:9      | Reached skill level 6 in Evocations
  8442 | D:9      | You pick up a book of Minor Magic and begin reading...
  8599 | D:9      | Reached skill level 5 in Conjurations
  8599 | D:9      | Reached skill level 5 in Hexes
  8599 | D:9      | Reached skill level 5 in Summonings
  8599 | D:9      | Reached skill level 5 in Necromancy
  8599 | D:9      | Reached skill level 5 in Translocations
  8599 | D:9      | Reached skill level 5 in Transmutations
  8599 | D:9      | Reached skill level 5 in Fire Magic
  8599 | D:9      | Reached skill level 5 in Ice Magic
  8599 | D:9      | Reached skill level 5 in Air Magic
  8599 | D:9      | Reached skill level 5 in Earth Magic
  8599 | D:9      | Reached skill level 5 in Poison Magic
  8702 | D:9      | Learned a level 5 spell: Blade Hands
  8777 | D:10     | Entered Level 10 of the Dungeon
  8810 | D:10     | Reached skill level 11 in Dodging
  8887 | D:10     | Noticed a two-headed ogre
  8919 | D:10     | Killed a two-headed ogre
  8920 | D:10     | Reached skill level 7 in Invocations
  8927 | D:10     | Reached skill level 7 in Fighting
  8927 | D:10     | Reached skill level 7 in Staves
  8927 | D:10     | Reached skill level 7 in Armour
  9089 | D:10     | Found a staircase to the Lair.
  9135 | D:10     | You pick up a book of Maledictions and begin reading...
  9135 | D:10     | You add the spells Anguish and Enfeeble to your library.
  9472 | D:10     | You pick up a book of the Dragon and begin reading...
  9472 | D:10     | You add the spells Cause Fear, Dragon Form and Dragon's
                  | Call to your library.
  9666 | Lair:1   | Entered Level 1 of the Lair of Beasts
  9668 | Lair:1   | Noticed a six-headed hydra
  9684 | Lair:1   | Killed a six-headed hydra
 10166 | Lair:1   | You add the spells Passage of Golubria and Yara's Violent
                  | Unravelling to your library.
 10214 | Lair:1   | Found a burning altar of Makhleb.
 10509 | Lair:1   | You pick up a book of Vapours and begin reading...
 10509 | Lair:1   | You add the spells Poisonous Vapours and Corpse Rot to your
                  | library.
 10698 | Lair:2   | Reached XP level 12. HP: 76/81 MP: 22/22
 10705 | Lair:2   | Reached skill level 11 in Slings
 10714 | Lair:2   | HP: 18/81 [komodo dragon (12)]
 10715 | Lair:2   | Reached skill level 7 in Short Blades
 10715 | Lair:2   | Reached skill level 7 in Long Blades
 10715 | Lair:2   | Reached skill level 7 in Axes
 10715 | Lair:2   | Reached skill level 7 in Maces & Flails
 10715 | Lair:2   | Reached skill level 7 in Polearms
 10715 | Lair:2   | Reached skill level 7 in Bows
 10715 | Lair:2   | Reached skill level 7 in Crossbows
 10715 | Lair:2   | Reached skill level 7 in Throwing
 10715 | Lair:2   | Reached skill level 7 in Stealth
 10715 | Lair:2   | Reached skill level 7 in Shields
 10715 | Lair:2   | Reached skill level 7 in Unarmed Combat
 10715 | Lair:2   | Reached skill level 7 in Spellcasting
 10715 | Lair:2   | Reached skill level 7 in Evocations
 10719 | Lair:2   | HP: 16/81 [yak[a torpor snail] (5)]
 10721 | Lair:2   | Reached skill level 12 in Dodging
 10723 | Lair:2   | HP: 6/81 [yak (5)]
 11131 | Lair:2   | You fall into a shaft and drop 1 floor!
 11148 | Lair:3   | Learned a level 3 spell: Mephitic Cloud
 11198 | Lair:3   | Noticed Snorg
 11212 | Lair:3   | Killed Snorg
 11473 | Lair:3   | Reached skill level 6 in Conjurations
 11473 | Lair:3   | Reached skill level 6 in Hexes
 11473 | Lair:3   | Reached skill level 6 in Summonings
 11473 | Lair:3   | Reached skill level 6 in Necromancy
 11473 | Lair:3   | Reached skill level 6 in Translocations
 11473 | Lair:3   | Reached skill level 6 in Transmutations
 11473 | Lair:3   | Reached skill level 6 in Fire Magic
 11473 | Lair:3   | Reached skill level 6 in Ice Magic
 11473 | Lair:3   | Reached skill level 6 in Air Magic
 11473 | Lair:3   | Reached skill level 6 in Earth Magic
 11473 | Lair:3   | Reached skill level 6 in Poison Magic
 11671 | Lair:3   | Reached skill level 8 in Invocations
 11858 | Lair:3   | Identified a potion of experience
 11858 | Lair:3   | Reached skill level 8 in Fighting
 11858 | Lair:3   | Reached skill level 8 in Staves
 11858 | Lair:3   | Reached skill level 8 in Armour
 11858 | Lair:3   | Reached XP level 13. HP: 89/89 MP: 24/24
 11972 | Lair:3   | Reached skill level 8 in Short Blades
 11972 | Lair:3   | Reached skill level 8 in Long Blades
 11972 | Lair:3   | Reached skill level 8 in Axes
 11972 | Lair:3   | Reached skill level 8 in Maces & Flails
 11972 | Lair:3   | Reached skill level 8 in Polearms
 11972 | Lair:3   | Reached skill level 8 in Bows
 11972 | Lair:3   | Reached skill level 8 in Crossbows
 11972 | Lair:3   | Reached skill level 8 in Throwing
 11972 | Lair:3   | Reached skill level 13 in Dodging
 11972 | Lair:3   | Reached skill level 8 in Stealth
 11972 | Lair:3   | Reached skill level 8 in Shields
 11972 | Lair:3   | Reached skill level 8 in Unarmed Combat
 11972 | Lair:3   | Reached skill level 8 in Spellcasting
 11972 | Lair:3   | Reached skill level 8 in Evocations
 12310 | Lair:3   | Found a staircase to the Shoals.
 12479 | Lair:3   | You pick up a book of Spectacle and begin reading...
 12479 | Lair:3   | You add the spells Dazzling Flash, Iskenderun's Mystic
                  | Blast and Starburst to your library.
 12667 | Lair:2   | Identified the +1 chain mail of the Ecumenical Temple
                  | {Int+3}
 12675 | Lair:2   | Reached ****** piety under Hepliaklqana
 12913 | D:3      | Killed frustraionsimulator's ghost
 13342 | Lair:4   | Reached skill level 9 in Invocations
 13352 | Lair:4   | Found a hole to the Spider Nest.
 13373 | Lair:4   | You pick up a book of the Spheres and begin reading...
 13373 | Lair:4   | You add the spells Iskenderun's Battlesphere, Fireball,
                  | Conjure Ball Lightning and Orb of Destruction to your
                  | library.
 14232 | Lair:4   | HP: 20/90 [poisoned by a redback]
 14600 | Lair:4   | Reached skill level 7 in Conjurations
 14600 | Lair:4   | Reached skill level 7 in Hexes
 14600 | Lair:4   | Reached skill level 7 in Summonings
 14600 | Lair:4   | Reached skill level 7 in Necromancy
 14600 | Lair:4   | Reached skill level 7 in Translocations
 14600 | Lair:4   | Reached skill level 7 in Transmutations
 14600 | Lair:4   | Reached skill level 7 in Fire Magic
 14600 | Lair:4   | Reached skill level 7 in Ice Magic
 14600 | Lair:4   | Reached skill level 7 in Air Magic
 14600 | Lair:4   | Reached skill level 7 in Earth Magic
 14600 | Lair:4   | Reached skill level 7 in Poison Magic
 14903 | Lair:5   | Reached XP level 14. HP: 45/95 MP: 23/26
 15316 | Lair:5   | Reached skill level 9 in Fighting
 15316 | Lair:5   | Reached skill level 9 in Staves
 15316 | Lair:5   | Reached skill level 12 in Slings
 15316 | Lair:5   | Reached skill level 9 in Armour
 15423 | Lair:5   | HP: 23/97 [poisoned by a cane toad]
 16072 | Lair:5   | Noticed Josephine
 16099 | Lair:5   | Killed Josephine
 16231 | Lair:5   | Noticed Kirke
 16238 | Lair:5   | Noticed a sphinx
 16249 | Lair:5   | Killed Kirke
 16580 | Lair:6   | Entered Level 6 of the Lair of Beasts
 16588 | Lair:6   | Reached skill level 14 in Dodging
 16633 | Lair:6   | Reached skill level 9 in Short Blades
 16633 | Lair:6   | Reached skill level 9 in Long Blades
 16633 | Lair:6   | Reached skill level 9 in Axes
 16633 | Lair:6   | Reached skill level 9 in Maces & Flails
 16633 | Lair:6   | Reached skill level 9 in Polearms
 16633 | Lair:6   | Reached skill level 9 in Bows
 16633 | Lair:6   | Reached skill level 9 in Crossbows
 16633 | Lair:6   | Reached skill level 9 in Throwing
 16633 | Lair:6   | Reached skill level 9 in Stealth
 16633 | Lair:6   | Reached skill level 9 in Shields
 16633 | Lair:6   | Reached skill level 9 in Unarmed Combat
 16633 | Lair:6   | Reached skill level 9 in Spellcasting
 16633 | Lair:6   | Reached skill level 9 in Evocations
 16880 | Lair:6   | Found a stormy altar of Qazlal.
 17475 | Lair:6   | Noticed Nessos
 17484 | Lair:6   | Reached skill level 10 in Invocations
 17484 | Lair:6   | Killed Nessos
 17882 | Lair:6   | Found a staircase to the Slime Pits.
 17915 | Lair:6   | HP: 19/98 [elephant (10)]
 17924 | Lair:6   | HP: 16/98 [black mamba (3)]
 18386 | Lair:6   | HP: 24/98 [elephant (4)]
 19245 | Lair:6   | Identified the +2 long sword "Undertaker" {pain, Stlth+}
 19798 | D:11     | Reached XP level 15. HP: 103/103 MP: 28/28
 19833 | D:11     | Found Jotasu's General Store.
 19841 | D:11     | Bought a potion of mutation for 120 gold pieces
 19841 | D:11     | Gained mutation: You are weak. (Str -2) [potion of
                  | mutation]
 20044 | D:11     | Reached skill level 8 in Conjurations
 20044 | D:11     | Reached skill level 8 in Hexes
 20044 | D:11     | Reached skill level 8 in Summonings
 20044 | D:11     | Reached skill level 8 in Necromancy
 20044 | D:11     | Reached skill level 8 in Translocations
 20044 | D:11     | Reached skill level 8 in Transmutations
 20044 | D:11     | Reached skill level 8 in Fire Magic
 20044 | D:11     | Reached skill level 8 in Ice Magic
 20044 | D:11     | Reached skill level 8 in Air Magic
 20044 | D:11     | Reached skill level 8 in Earth Magic
 20044 | D:11     | Reached skill level 8 in Poison Magic
 20314 | D:12     | Reached skill level 10 in Fighting
 20314 | D:12     | Reached skill level 10 in Staves
 20314 | D:12     | Reached skill level 10 in Armour
 20501 | D:12     | You pick up a book of Storms and begin reading...
 20501 | D:12     | You add the spells Summon Lightning Spire and Lightning
                  | Bolt to your library.
 20718 | D:12     | Identified +0 pearl dragon scales
 20736 | D:12     | K - a +0 double sword {longrare=g}
 21008 | Lair:6   | your +0 double sword {longrare=g} erupts in a glittering
                  | mayhem of colour.
 21008 | Lair:6   | K - a +0 double sword of chaos {longrare=g}
 21266 | D:12     | W - +0 pearl dragon scales {rare=g}
 21267 | D:12     | your +0 pearl dragon scales {rare=g} glow green for a
                  | moment.
 21268 | D:12     | your +1 pearl dragon scales {rare=g} glow green for a
                  | moment.
 21269 | D:12     | your +2 pearl dragon scales {rare=g} glow green for a
                  | moment.
 21270 | D:12     | your +3 pearl dragon scales {rare=g} glow green for a
                  | moment.
 21271 | D:12     | your +4 pearl dragon scales {rare=g} glow green for a
                  | moment.
 21272 | D:12     | your +5 pearl dragon scales {rare=g} glow green for a
                  | moment.
 21273 | D:12     | your +6 pearl dragon scales {rare=g} glow green for a
                  | moment.
 21284 | D:12     | You finish putting on your +7 pearl dragon scales {rare=g}.
 21380 | D:12     | You pick up a book of Changes and begin reading...
 22048 | D:13     | Reached skill level 15 in Dodging
 22378 | D:13     | Found a gate to the Vaults.
 22660 | D:13     | Found a burning altar of Makhleb.
 22668 | D:13     | your +0 double sword of chaos {longrare=g} glows red for a
                  | moment.
 22669 | D:13     | your +1 double sword of chaos {longrare=g} glows red for a
                  | moment.
 22670 | D:13     | your +2 double sword of chaos {longrare=g} glows red for a
                  | moment.
 22671 | D:13     | b - a +3 double sword of chaos {longrare=g}
 22793 | D:13     | Identified a scroll of acquirement
 22849 | D:13     | your +3 double sword of chaos {longrare=g} is briefly
                  | surrounded by a scintillating aura of random colours.
 22849 | D:13     | b - a +3 double sword of chaos (weapon) {longrare=g}
 22855 | D:13     | Acquired the ring of the Establishment {rElec rPois Dex-3
                  | Slay+4 Stlth+}
 23017 | D:13     | your +3 double sword of chaos {longrare=g} is briefly
                  | surrounded by a scintillating aura of random colours.
 23017 | D:13     | b - a +3 double sword of chaos (weapon) {longrare=g}
 23273 | D:14     | your +3 double sword of chaos {longrare=g} is briefly
                  | surrounded by a scintillating aura of random colours.
 23273 | D:14     | b - a +3 double sword of chaos (weapon) {longrare=g}
 23287 | D:14     | Reached skill level 10 in Short Blades
 23287 | D:14     | Reached skill level 10 in Long Blades
 23287 | D:14     | Reached skill level 10 in Axes
 23287 | D:14     | Reached skill level 10 in Maces & Flails
 23287 | D:14     | Reached skill level 10 in Polearms
 23287 | D:14     | Reached skill level 10 in Bows
 23287 | D:14     | Reached skill level 10 in Crossbows
 23287 | D:14     | Reached skill level 10 in Throwing
 23287 | D:14     | Reached skill level 10 in Stealth
 23287 | D:14     | Reached skill level 10 in Shields
 23287 | D:14     | Reached skill level 10 in Unarmed Combat
 23287 | D:14     | Reached skill level 10 in Spellcasting
 23287 | D:14     | Reached skill level 10 in Evocations
 23372 | D:14     | your +3 double sword of chaos {longrare=g} is briefly
                  | surrounded by a scintillating aura of random colours.
 23372 | D:14     | b - a +3 double sword of chaos (weapon) {longrare=g}
 23394 | D:14     | Reached skill level 13 in Slings
 23409 | D:14     | your +3 double sword of chaos {longrare=g} is briefly
                  | surrounded by a scintillating aura of random colours.
 23409 | D:14     | b - a +3 double sword of chaos (weapon) {longrare=g}
 23444 | D:14     | Reached skill level 11 in Invocations
 23742 | D:14     | your +3 double sword of chaos {longrare=g} glows red for a
                  | moment.
 24029 | D:15     | Entered Level 15 of the Dungeon
 24199 | D:15     | Found a staircase to the Depths.
 24511 | D:15     | Identified the +0 ring mail of Generosity {rF+ rC- Will+}
 24848 | D:15     | HP: 20/105 [red ugly thing (20)]
 24857 | D:15     | HP: 25/105 [fire elemental[a deep elf pyromancer] (12)]
 25384 | D:15     | Found a portal to a secret trove of treasure.
 25392 | D:15     | This trove needs 9 potions of haste to function. Give it
                  | the items?
 25392 | D:15     | This trove needs 9 potions of haste to function. Give it
                  | the items?
 25710 | Orc:1    | Entered Level 1 of the Orcish Mines
 25962 | Orc:1    | Reached XP level 16. HP: 111/111 MP: 30/30
 26216 | Orc:2    | Entered Level 2 of the Orcish Mines
 26441 | Orc:2    | Found a staircase to the Elven Halls.
 27002 | Orc:2    | HP: 7/111 [orc knight/+2 great mace of draining (30)]
 27002 | Orc:2    | HP: 3/108 [orc knight/+2 great mace of draining (4)]
 27381 | Orc:1    | magus.rc [v1.9.6]
 27666 | Orc:2    | HP: 25/111 [orc knight/+0 dire flail (7)]
 27671 | Orc:2    | Mangled by an orc knight

Vanquished Creatures
  Kirke (Lair:5)
  Nessos (Lair:6)
  An ettin (D:15)
  Josephine (Lair:5)
  8 hydras
  2 boulder beetles
  3 catoblepae
  5 two-headed ogres
  A centaur warrior (D:14)
  An orc high priest (Orc:2)
  2 tengu warriors (D:15)
  A hell knight (D:15)
  A wizard (D:15)
  A necromancer (D:15)
  2 deep elf pyromancers (D:13)
  3 manticores
  6 ugly things
  An orc knight (Orc:2)
  2 oklob plants (Lair:6)
  A cyclops (D:11)
  Joseph (D:7)
  11 elephants
  2 torpor snails
  Maggie (D:7)
  6 cane toads
  5 komodo dragons
  A smoke demon (D:13)
  4 yaktaurs (D:15)
  A rime drake (Lair:6)
  An efreet (D:14)
  2 freezing wraiths
  3 polar bears
  2 meliai (D:14)
  4 trolls
  9 blink frogs
  8 slime creatures
  A jumping spider (Lair:4)
  A water elemental (D:13)
  2 wyverns
  A culicivora (Lair:4)
  4 wraiths
  17 yaks
  4 basilisks
  2 steam dragons
  4 hogs (Lair:5)
  Grum (D:8)
  Menkaure (D:7)
  9 vampire mosquitoes
  A warg (shapeshifter) (D:14)
  An acid dragon (D:9)
  9 water moccasins
  Duvessa (D:4)
  A black bear (Lair:5)
  20 orc warriors
  4 centaurs
  7 ogres
  8 wolves
  A lemure (D:7)
  8 bullfrogs
  Blork the orc (D:4)
  A necrophage (D:5)
  A scorpion (D:7)
  2 wights (D:8)
  7 killer bees
  3 howler monkeys
  An electric eel (D:13)
  The ghost of frustraionsimulator the Bolt Thrower, a weakling SpHu (D:3)
  17 orc priests
  8 orc wizards
  9 hell rats
  5 gnolls
  2 river rats (Lair:4)
  4 adders
  An ufetubus (D:6)
  2 worms
  4 dart slugs
  41 orcs
  8 ball pythons
  5 bats
  7 endoplasms
  2 giant cockroaches (D:1)
  4 goblins
  5 hobgoblins
  4 jackals (D:2)
  32 kobolds
  A quokka (D:2)
  A frilled lizard (D:2)
  5 rats
397 creatures vanquished.

Vanquished Creatures (collateral kills)
  Snorg (Lair:3)
  An ettin (Orc:1)
  2 hydras
  An ogre mage (D:13)
  A boulder beetle (D:11)
  A catoblepas (Lair:6)
  3 two-headed ogres
  An orc high priest (Orc:2)
  Pikel (D:7)
  3 orc knights (Orc:2)
  A deep elf pyromancer (D:15)
  An orc sorcerer (Orc:2)
  3 ugly things
  2 oklob plants (Lair:6)
  2 cyclopes
  3 manticores (D:15)
  5 black mambas
  2 elephants
  Maurice (D:8)
  A torpor snail (Lair:6)
  5 cane toads
  3 unseen horrors (D:12)
  2 kobold demonologists
  3 gargoyles
  3 rime drakes
  3 komodo dragons
  A yaktaur (D:15)
  A meliai (D:14)
  2 trolls
  2 polar bears
  5 blink frogs
  A merfolk (Lair:3)
  2 slime creatures
  A dream sheep (Lair:6)
  2 jumping spiders (Lair:4)
  A vampire (D:9)
  A shadow (D:10)
  A wraith (Lair:5)
  14 yaks
  A vampire mosquito (D:10)
  3 basilisks
  2 hogs (Lair:5)
  A redback (Lair:4)
  A steam dragon (D:9)
  2 acid dragons
  3 water moccasins
  10 orc warriors
  A black bear (D:6)
  An ogre (D:4)
  6 wolves
  A centaur (D:12)
  5 kobold brigands
  4 bullfrogs
  A necrophage (D:6)
  A gnoll sergeant (Orc:2)
  A scorpion (D:4)
  2 wights (D:8)
  Dowan (D:4)
  3 killer bees
  2 howler monkeys
  An electric eel (D:13)
  A jelly (D:7)
  2 hounds (D:5)
  13 orc priests
  3 iguanas
  8 orc wizards
  Ijyb (D:3)
  13 gnolls
  6 river rats (Lair:4)
  An ufetubus (D:5)
  2 worms
  36 orcs
  3 bats (D:3)
  2 endoplasms (D:3)
  A giant cockroach (D:3)
  3 hobgoblins
  3 jackals (D:3)
  A quokka (D:5)
  A frilled lizard (D:3)
  5 kobolds
247 creatures vanquished.

Vanquished Creatures (others)
  3 yaks
  An orc warrior (Orc:2)
  An orc wizard (D:10)
  26 battlemagi
  An orc (D:10)
  An ancestor (D:2)
  37 fungi
  44 plants
  3 toadstools (D:10)
117 creatures vanquished.

Grand Total: 761 creatures vanquished

Table legend:
 A = Non-vault XP
 B = Vault XP
 C = Vault XP percentage of total XP
 D = Non-vault monster count
 E = Vault monster count
 F = Vault count percentage of total count
                 A         B        C        D         E       F
            +---------+---------+-------+---------+---------+-------
      Total |   83086 |   37872 |  31.3 |     465 |     185 |  28.5
            +---------+---------+-------+---------+---------+-------
        D:1 |      34 |       0 |   0.0 |      19 |       0 |   0.0
        D:2 |      64 |       0 |   0.0 |      24 |       0 |   0.0
        D:3 |     242 |      86 |  26.2 |      32 |       6 |  15.8
        D:4 |     445 |     439 |  49.7 |      24 |       6 |  20.0
        D:5 |     464 |       0 |   0.0 |      16 |       0 |   0.0
        D:6 |     727 |       0 |   0.0 |      15 |       0 |   0.0
        D:7 |     488 |    1796 |  78.6 |      14 |       4 |  22.2
        D:8 |    1944 |    1097 |  36.1 |      28 |       6 |  17.6
        D:9 |    1846 |     928 |  33.5 |      20 |      24 |  54.5
       D:10 |    3764 |       0 |   0.0 |      22 |       0 |   0.0
       D:11 |    3124 |       0 |   0.0 |      17 |       0 |   0.0
       D:12 |    4242 |       0 |   0.0 |      12 |       0 |   0.0
       D:13 |    7574 |    2884 |  27.6 |      17 |       4 |  19.0
       D:14 |    9328 |       0 |   0.0 |      32 |       0 |   0.0
       D:15 |    9322 |    4603 |  33.1 |      21 |       6 |  22.2
     Lair:1 |    2355 |       0 |   0.0 |       7 |       0 |   0.0
     Lair:2 |    4372 |    1649 |  27.4 |      26 |       8 |  23.5
     Lair:3 |    4123 |    1793 |  30.3 |      11 |       4 |  26.7
     Lair:4 |    4938 |    1273 |  20.5 |      16 |      16 |  50.0
     Lair:5 |    7928 |    4172 |  34.5 |      23 |      12 |  34.3
     Lair:6 |   11499 |    9429 |  45.1 |      33 |      22 |  40.0
      Orc:1 |    2945 |       0 |   0.0 |      25 |       0 |   0.0
      Orc:2 |    1318 |    7723 |  85.4 |      11 |      67 |  85.9
            +---------+---------+-------+---------+---------+-------

Illustrated notes

Table legend:
 A = Kills in this place as a percentage of kills in entire the game.
 B = Kills by you in this place as a percentage of kills by you in the entire game.
 C = Kills by friends in this place as a percentage of kills by friends in the entire game.
 D = Other kills in this place as a percentage of other kills in the entire game.
 E = Experience gained in this place as a percentage of experience gained in the entire game.
 F = Experience gained in this place divided by the number of levels of this place that you have seen.
                   A       B       C       D       E      F
               +-------+-------+-------+-------+-------+----------------------
         Total | 100.0 | 100.0 | 100.0 | 100.0 | 100.0 | 5259.0
       Dungeon |  56.8 |  58.6 |  54.7 |  33.3 |  45.8 | 3696.1
          Lair |  27.4 |  28.9 |  24.7 |  33.3 |  44.3 | 8921.8
  Orcish Mines |  15.8 |  12.4 |  20.6 |  33.3 |   9.9 | 5993.0
               +-------+-------+-------+-------+-------+----------------------

Table legend: (Time is in decaauts)
 A = Elapsed time spent in this place.
 B = Non-inter-level travel time spent in this place.
 C = Inter-level travel time spent in this place.
 D = Time resting spent in this place.
 E = Time spent auto-exploring this place.
 F = Levels seen in this place.
 G = Mean time per level.
                   A        B        C        D        E       F      G
               +--------+--------+--------+--------+--------+-----+--------+
         Total |  27427 |  25457 |   1970 |   1650 |  20098 |  23 | 1192.5 |
       Dungeon |  15729 |  14456 |   1273 |    338 |  12025 |  15 | 1048.6 |
          Lair |   9746 |   9082 |    664 |    753 |   7092 |   6 | 1624.3 |
  Orcish Mines |   1952 |   1920 |     32 |    558 |    981 |   2 |  976.0 |
               +--------+--------+--------+--------+--------+-----+--------+

Top non-repeatable levels by time:
  Lair:6: 2708 daAuts
  Lair:5: 2023 daAuts
    D:13: 1684 daAuts
  Lair:4: 1620 daAuts
     D:9: 1573 daAuts
  Lair:3: 1540 daAuts
     D:4: 1327 daAuts
    D:15: 1202 daAuts
    D:14: 1145 daAuts
     D:7: 1135 daAuts
  Lair:1: 1087 daAuts
   Orc:2: 1086 daAuts
    D:10: 1025 daAuts
     D:8: 1010 daAuts
     D:5: 929 daAuts
